 Dungeon Crawl Stone Soup version 0.23.2-30-g0e89c35649 (webtiles) character file.

Game seed: 2743596794002504456

77 raph the Chopper (level 4, -14/37 HPs)
             Began as a Minotaur Gladiator on June 8, 2019.
             Killed by divine providence
             ... invoked by an orc priest
              (16 damage)
             ... on level 2 of the Dungeon.
             The game lasted 00:02:21 (1521 turns).

raph the Chopper (Minotaur Gladiator)               Turns: 1521, Time: 00:02:22

Health: -14/37     AC:  3    Str: 19    XL:     4   Next: 14%
Magic:  3/3        EV: 13    Int:  5    God:
Gold:   61         SH:  0    Dex: 12    Spells: 3/3 levels left

rFire    . . .     SeeInvis .   a - +0 war axe
rCold    . . .     Gourm    .   (no shield)
rNeg     . . .     Faith    .   b - +0 leather armour
rPois    .         Spirit   .   c - +0 hat
rElec    .         Reflect  .   (no cloak)
rCorr    .         Harm     .   (no gloves)
MR       .....                  (no boots)
Stlth    +.........             (no amulet)
HPRegen  0.12/turn              (no ring)
MPRegen  0.08/turn              (no ring)

@: no status effects
A: retaliatory headbutt, horns 2
a: no special abilities


You were on level 2 of the Dungeon.
You were not hungry.

You visited 1 branch of the dungeon, and saw 2 of its levels.

You collected 61 gold pieces.

Inventory:

Hand Weapons
 a - a +0 war axe (weapon)
Missiles
 d - 3 throwing nets (quivered)
Armour
 b - a +0 leather armour (worn)
 c - a +0 hat (worn)
Scrolls
 e - 2 scrolls of amnesia {unknown}
 g - 3 scrolls of teleportation {unknown}
 i - a scroll of remove curse {unknown}
 j - a scroll of identify {unknown}
 l - a scroll of fear {unknown}
Potions
 h - 2 potions of degeneration {unknown}
Comestibles
 f - 9 rations
 k - a chunk of flesh


   Skills:
 - Level 2.4 Fighting
 * Level 6.1 Axes
 - Level 2.0 Throwing
 - Level 3.2 Dodging


You had 3 spell levels left.
You didn't know any spells.
Your spell library was empty.

Dungeon Overview and Level Annotations

Branches:
Dungeon (2/15)

Altars:


Innate Abilities, Weirdness & Mutations

You reflexively headbutt those who attack you in melee.
You have a pair of horns on your head.


Message History

The bat barely misses you.
The orc priest hits you with a +0 hand axe.
The orc closely misses you.
The orc priest hits you with a +0 hand axe.
The orc priest hits you with a +0 mace!
* * * LOW HITPOINT WARNING * * *
The orc hits you but does no damage.
Found 24 gold pieces.
Things that are here:
a +0 short sword; an orc corpse You closely miss the orc priest.
Your headbutt misses the orc priest. You hit the orc priest.
You barely miss the orc priest. You closely miss the bat. You slash the orc!
You kill the orc!
The bat barely misses you.
The orc priest hits you with a +0 hand axe.
* * * LOW HITPOINT WARNING * * *
The orc priest invokes the aid of Beogh against you.
Beogh smites you!
You die...

.... #...# ....
##$⌠$## .......
#### ##.....##
#.##... . #.......#
#... . #.8...8.#
... #...# .
#.......# ... ##...
#.......#... ##...
#....o..#.. .....
#.8.o@8.#.# ###
#...
.#..b).o.#.#...#
#...
#...........#.#.#
#...
...#....#.........#
#...
.....####.........#
#... ...##
#.........# #...
... #.........#
#... .. #.........#
#... #.
###.........# #...


You could see 3 orc priests and a bat.

Vanquished Creatures
  An adder (D:2)
  2 oozes (D:1)
  2 dart slugs (D:2)
  3 leopard geckos (D:1)
  2 orcs (D:2)
  3 giant cockroaches
  7 goblins
  4 hobgoblins
  8 kobolds
  8 bats
  2 frilled lizards
  7 rats (D:1)
  A bush (D:1)
  2 plants (D:1)
52 creatures vanquished.

Notes
Turn   | Place    | Note
-------+----------+-------------------------------------------
     0 | D:1      | raph the Minotaur Gladiator began the quest for the Orb.
     0 | D:1      | Reached XP level 1. HP: 18/18 MP: 0/0
    59 | D:1      | Reached skill level 4 in Axes
    77 | D:1      | Reached XP level 2. HP: 23/25 MP: 1/1
   462 | D:1      | Reached skill level 5 in Axes
   465 | D:1      | Reached XP level 3. HP: 18/30 MP: 2/2
  1139 | D:2      | Reached XP level 4. HP: 27/37 MP: 3/3
  1261 | D:2      | Reached skill level 6 in Axes
  1521 | D:2      | Killed from afar by an orc priest

Skill      XL: |  1  2  3  4 |
---------------+-------------+-----
Axes           | 4 5 6 |  6.1
Fighting       | |  2.4
Throwing       | |  2.0
Dodging        | |  3.2

Action                   |  1- 3 |  4- 6 || total
-------------------------+-------+-------++-------
Melee: War axe           |   120 |     7 ||   127
       Headbutt          |    26 |     1 ||    27
  Eat: Chunk             |     1 |     1 ||     2
Armor: Leather armour    |    22 |     1 ||    23
Dodge: Dodged            |    63 |     9 ||    72
